 Seeded DCSS version 0.26-a0-64-g059e62f (webtiles) character file.

Game seed: 9013582395924723371 (custom seed)

12044 Illumine the Nimble (level 11, -17/84 HPs)
             Began as a Merfolk Ice Elementalist on June 9, 2020.
             Was a High Priest of Vehumet.
             Demolished by a death yak (19 damage)
             ... on level 9 of the Dungeon on June 10, 2020.
             The game lasted 00:49:40 (13775 turns).

Illumine the Nimble (Merfolk Ice Elementalist)     Turns: 13775, Time: 00:49:40

Health: -17/84     AC: 12    Str:  8    XL:     11   Next: 87%
Magic:  13/22      EV: 18    Int: 19    God:    Vehumet [*****.]
Gold:   562        SH:  0    Dex: 14    Spells: 2/25 levels left

rFire    + . .     SeeInvis +   a - +0 glaive (vorpal)
rCold    + . .     Gourm    .   (shield currently unavailable)
rNeg     . . .     Faith    .   F - +2 robe {rC+ rF+}
rPois    .         Spirit   .   (no helmet)
rElec    .         Reflect  .   A - scarf {repulsion}
rCorr    .         Harm     .   (no gloves)
MR       .....                  u - +0 pair of boots {Fly}
Stlth    ++........             q - amulet of the acrobat
HPRegen  0.24/turn              H - ring of see invisible
MPRegen  0.18/turn              O - ring of wizardry

@: icy armour, flying, repel missiles
A: change form in water, swift swim, stealthy swim
a: Renounce Religion, Stop Flying


You were on level 9 of the Dungeon.
You worshipped Vehumet.
Vehumet was extremely pleased with you.
You were not hungry.

You visited 2 branches of the dungeon, and saw 11 of its levels.
You also visited: Bailey.

You collected 562 gold pieces.

Inventory:

Hand Weapons
 a - a +0 vorpal glaive (weapon)
 x - a +0 mace of holy wrath
Missiles
 s - 6 sling bullets
 t - 59 poisoned darts (quivered)
 G - 4 curare-tipped darts
 J - 52 boomerangs
Armour
 u - a +0 pair of boots of flying (worn)
 A - a scarf of repulsion (worn)
 F - a +2 robe of resistance (worn)
Jewellery
 q - an amulet of the acrobat (around neck)
 H - a ring of see invisible (left hand)
 K - an uncursed ring of flight
 O - a ring of wizardry (right hand)
Wands
 z - a wand of flame (5)
 I - a wand of iceblast (8)
Scrolls
 b - a scroll of enchant weapon {unknown}
 e - 2 scrolls of fog {unknown}
 f - a scroll of noise {unknown}
 i - a scroll of silence {unknown}
 j - 2 scrolls of amnesia {unknown}
 k - a scroll of vulnerability {unknown}
 l - 4 scrolls of teleportation {unknown}
 v - 4 scrolls of enchant armour {unknown}
 w - 3 scrolls of remove curse {unknown}
 y - 2 scrolls of immolation {unknown}
 B - 3 scrolls of blinking {unknown}
 E - a scroll of random uselessness {unknown}
 M - a scroll of acquirement {unknown}
 N - a scroll of magic mapping
Potions
 d - 2 potions of flight
 g - a potion of mutation
 h - 2 potions of haste
 m - a potion of might
 n - 2 potions of heal wounds
 o - a potion of cancellation {unknown}
 p - 3 potions of curing
 r - 2 potions of invisibility
 D - a potion of stabbing
 L - a potion of experience {unknown}
Comestibles
 c - 19 rations


   Skills:
 + Level 7.1 Fighting
 + Level 8.5 Polearms
 - Level 2.0 Throwing
 + Level 9.2 Dodging
 - Level 2.1 Stealth
 + Level 7.5 Spellcasting
 + Level 4.4 Conjurations
 + Level 4.6 Hexes
 + Level 4.4 Charms
 - Level 6.0 Summonings
 + Level 8.7 Ice Magic


You had 2 spell levels left.
You knew the following spells:

 Your Spells              Type           Power        Failure   Level  Hunger
a - Freeze                Ice            ####         1%          1    None
b - Frozen Ramparts       Ice            #####.       1%          3    #......
c - Ozocubu's Armour      Chrm/Ice       ####....     1%          3    #......
d - Summon Ice Beast      Ice/Summ       #####...     1%          4    ###....
e - Hailstorm             Conj/Ice       ####....     1%          4    ###....
f - Dazzling Flash        Conj/Hex       ###...       1%          3    #......
g - Iskenderun's Battles  Conj/Chrm      ###.....     5%          5    #####..

Your spell library contained the following spells:

 Spells                   Type           Power        Failure   Level  Hunger
 Lee's Rapid Deconstruct  Erth           #.........   26%         5    #####..


Dungeon Overview and Level Annotations

Branches:
Dungeon (10/15)            Temple (1/1) D:4          Bailey (visited)
   Lair: D:8-11         Orc: D:9-12

Altars:
Cheibriados
Dithmenos
Elyvilon
Fedhas
Hepliaklqana
Okawaru
Trog
Uskayaw
Vehumet
Wu Jian
Yredelemnul

Shops:
D:4 (   D:6 %   D:7 (


Message History

The death yak gores you!
* * * LOW HITPOINT WARNING * * *
Casting: Freeze (safe; 1% risk of failure)
Confirm with . or Enter, or press ? or * to list all spells.
Aiming: Freeze (safe; 1% risk of failure)
Press: ? - help, Shift-Dir - straight line, f/p - death yak
Aim: a death yak (severely wounded)
You freeze the death yak!
The death yak is almost dead.
The death yak gores you.
* * * LOW HITPOINT WARNING * * *
Casting: Freeze (safe; 1% risk of failure)
Confirm with . or Enter, or press ? or * to list all spells.
Aiming: Freeze (safe; 1% risk of failure)
Press: ? - help, Shift-Dir - straight line, f/p - death yak
Aim: a death yak (almost dead)
You freeze the death yak.
The death yak is almost dead.
The death yak gores you!!
You die...

.......≈≈≈≈#
##.....≈≈..#####
....≈..≈.......#
###.......####[#
####..[#### #†#
......## #.#
######## #>#
#.....#
####.####
##.....#
#(...Y@.#
.......#
#.##.##.#
##.....##
#.##.##.#
#..##..#
#.##.##.#
######..#
#.##.##.#
..###)÷.#
#.......#
§(#..#.##
####.####
÷..##### #.#
####*** #.#


You could see a death yak.

Vanquished Creatures
  An orc warlord (Bailey)
  Harold (D:7)
  2 two-headed ogres (D:9)
  2 death yaks
  An orc knight (Bailey)
  Joseph (D:7)
  Maggie (D:6)
  Psyche (D:8)
  A hornet (D:9)
  2 trolls (D:9)
  6 yaks
  Menkaure (D:5)
  A sky beast (D:6)
  7 orc warriors
  A hornet zombie (D:10)
  3 ice beasts
  A phantom (D:9)
  4 ogres
  7 centaurs
  A big kobold (D:8)
  5 bullfrogs
  3 scorpions
  6 killer bees (D:8)
  A howler monkey (D:5)
  3 crimson imps
  2 centaur zombies
  2 bullfrog skeletons
  5 hounds
  6 orc priests
  Crazy Yiuf (D:7)
  2 jellies (D:9)
  14 orc wizards
  2 centaur skeletons
  3 iguanas
  7 worker ants
  2 hound skeletons
  8 gnolls
  5 adders
  A shadow imp (D:6)
  An ooze (D:4)
  An adder zombie (D:7)
  An adder skeleton (D:6)
  2 dart slugs
  3 leopard geckos
  42 orcs
  11 bats
  3 giant cockroaches
  10 goblins
  16 hobgoblins
  17 jackals
  3 quokkas
  3 ball pythons
  6 frilled lizards
  27 kobolds
  A leopard gecko skeleton (D:7)
  A quokka skeleton (D:7)
  8 rats
279 creatures vanquished.

Vanquished Creatures (collateral kills)
  An ice beast (D:8)
1 creature vanquished.

Vanquished Creatures (others)
  A quokka (D:2)
1 creature vanquished.

Grand Total: 281 creatures vanquished

Notes
Turn   | Place    | Note
-------+----------+-------------------------------------------
     0 | D:1      | Illumine the Merfolk Ice Elementalist began the quest for
                  | the Orb.
     0 | D:1      | Reached XP level 1. HP: 13/13 MP: 3/3
   191 | D:1      | Reached XP level 2. HP: 19/19 MP: 1/5
   204 | D:1      | Reached skill level 3 in Dodging
   595 | D:1      | Upgraded the game from 0.26-a0-61-g6c07f0e to
                  | 0.26-a0-64-g059e62f
   771 | D:1      | Reached XP level 3. HP: 23/25 MP: 2/6
   952 | D:1      | Learned a level 3 spell: Frozen Ramparts
   956 | D:1      | Learned a level 3 spell: Ozocubu's Armour
  1758 | D:2      | Reached skill level 1 in Fighting
  1851 | D:2      | Reached XP level 4. HP: 32/32 MP: 6/8
  1915 | D:2      | You fall into a shaft and drop 2 floors!
  1961 | D:4      | Noticed a centaur
  1985 | D:4      | Killed a centaur
  1985 | D:4      | Reached skill level 4 in Dodging
  1985 | D:4      | Reached skill level 5 in Ice Magic
  1985 | D:4      | Reached XP level 5. HP: 23/38 MP: 1/10
  2123 | D:4      | Found a staircase to the Ecumenical Temple.
  2141 | Temple   | Entered the Ecumenical Temple
  2153 | Temple   | Became a worshipper of Vehumet
  2227 | D:4      | Found Gucryvedd's Antique Weapon Boutique.
  2312 | D:3      | Found a hazy altar of Hepliaklqana.
  2538 | D:2      | Found a white marble altar of Elyvilon.
  3126 | D:3      | Learned a level 4 spell: Summon Ice Beast
  3253 | D:3      | Reached XP level 6. HP: 44/44 MP: 11/11
  3260 | D:3      | Reached * piety under Vehumet
  3260 | D:3      | Offered knowledge of Sandblast by Vehumet.
  3382 | D:3      | Reached skill level 1 in Charms
  4140 | D:4      | Reached skill level 1 in Summonings
  4361 | D:4      | Reached XP level 7. HP: 51/51 MP: 9/13
  4627 | D:5      | Entered Level 5 of the Dungeon
  4666 | D:5      | Found an ornate altar of the Wu Jian Council.
  4713 | D:5      | Noticed Menkaure
  4983 | D:6      | Found a bloodstained altar of Trog.
  5092 | D:6      | Noticed Maggie
  5238 | D:5      | Killed Menkaure
  5238 | D:5      | Reached skill level 1 in Polearms
  5238 | D:5      | Reached skill level 5 in Dodging
  5562 | D:5      | Found a basalt altar of Yredelemnul.
  5654 | D:5      | Reached XP level 8. HP: 42/58 MP: 12/15
  5655 | D:5      | Reached skill level 5 in Spellcasting
  5720 | D:5      | HP: 4/87 [ice beast (6)]
  5733 | D:5      | Offered knowledge of Shock by Vehumet.
  6151 | D:5      | Reached ** piety under Vehumet
  6456 | D:5      | Learned a level 4 spell: Hailstorm
  6561 | D:6      | Found Teanuan's Food Shoppe.
  6595 | D:6      | Found a shadowy altar of Dithmenos.
  6890 | D:6      | Reached skill level 6 in Dodging
  7091 | D:6      | Reached skill level 1 in Conjurations
  7282 | D:7      | Found Jyriulob's Antique Weapon Shop.
  7376 | D:7      | Found a blossoming altar of Fedhas.
  7385 | D:7      | Reached XP level 9. HP: 65/65 MP: 15/17
  7547 | D:7      | Found a runed translucent door.
  7548 | D:7      | Noticed Crazy Yiuf
  7556 | D:7      | Killed Crazy Yiuf
  7832 | D:7      | Found a hide-covered altar of Uskayaw.
  7870 | D:7      | Noticed Joseph
  7874 | D:7      | Noticed Harold
  7960 | D:6      | Found an iron altar of Okawaru.
  8879 | D:8      | Offered knowledge of Dazzling Flash by Vehumet.
  8880 | D:8      | Reached skill level 5 in Polearms
  8920 | D:8      | Learned a level 3 spell: Dazzling Flash
  8977 | D:8      | Reached *** piety under Vehumet
  9069 | D:8      | Reached skill level 1 in Hexes
  9074 | D:8      | Offered knowledge of Iskenderun's Mystic Blast by Vehumet.
  9281 | D:8      | Noticed Psyche
  9285 | D:8      | Reached skill level 5 in Fighting
  9285 | D:8      | Reached skill level 7 in Dodging
  9300 | D:8      | Killed Psyche
  9649 | D:9      | Found a flagged portal.
  9652 | D:9      | Noticed a troll
  9658 | Bailey   | Entered a bailey
  9725 | Bailey   | Noticed an orc warlord
  9800 | Bailey   | Noticed an orc knight
  9845 | Bailey   | Killed an orc knight
  9845 | Bailey   | Reached XP level 10. HP: 74/74 MP: 8/19
  9857 | Bailey   | Reached **** piety under Vehumet
  9936 | Bailey   | Found a runed translucent gate.
  9938 | Bailey   | Found a runed translucent gate.
  9939 | Bailey   | Found a runed translucent gate.
 10027 | Bailey   | Offered knowledge of Iskenderun's Battlesphere by Vehumet.
 10173 | Bailey   | Killed an orc warlord
 10173 | Bailey   | Reached skill level 1 in Throwing
 10551 | D:9      | Reached skill level 8 in Dodging
 10551 | D:9      | Reached skill level 5 in Summonings
 10748 | D:9      | Noticed a two-headed ogre
 10767 | D:9      | Killed a two-headed ogre
 10822 | D:9      | Reached XP level 11. HP: 69/81 MP: 15/21
 10891 | D:9      | Noticed a two-headed ogre
 10901 | D:9      | Killed a two-headed ogre
 10946 | D:9      | Learned a level 5 spell: Iskenderun's Battlesphere
 11565 | D:9      | Reached ***** piety under Vehumet
 11611 | D:9      | Offered knowledge of Lee's Rapid Deconstruction by Vehumet.
 11728 | D:10     | Entered Level 10 of the Dungeon
 12251 | D:10     | Noticed a death yak
 12280 | D:10     | Killed a death yak
 12319 | D:10     | Noticed a death yak
 12528 | D:10     | Noticed a death yak
 12689 | D:6      | Killed Maggie
 12806 | D:7      | Killed Harold
 12806 | D:7      | Reached skill level 9 in Dodging
 12887 | D:7      | Killed Joseph
 13620 | D:9      | Killed a death yak
 13773 | D:9      | HP: 4/84 [death yak (9)]
 13774 | D:9      | HP: 1/84 [death yak (3)]
 13775 | D:9      | Demolished by a death yak

Illustrated notes

Levels and vault maps discovered:
D:1:      minmay_arrival_nine_rooms, layout_loops_corners,
          minmay_close_crescents
D:2:      layout_basic, elyvilon_altar_4, first_ration
D:3:      layout_basic, old_standard_altar
D:4:      layout_rooms, minmay_temple_entry_grid, serial_shops,
          nicolae_shop_trees
D:5:      layout_basic, yredelemnul_altar_generic, basic_altar, uniq_menkaure
D:6:      kb_forest_paths, layout_rooms, lemuel_crystal_altar, bloody_trog,
          serial_shops, shop, basic_altar, gup_sewer_entry_bowl, uniq_maggie
D:7:      layout_loops_ring, lemuel_coloured_pillars_altar, basic_altar,
          serial_shops, shop, uniq_harold, uniq_crazy_yiuf_cottage, uniq_joseph
D:8:      layout_basic, uniq_psyche
D:9:      layout_loops_cross, enter_bailey_8, grunt_ogre_cave,
          chequers_serial_rivers_micro_c
D:10:     cheibrodos_breeding_chamber, layout_rooms, dpeg_lair_monsters
Temple:   regret_index_temple_sphere_string

Skill      XL: |  1  2  3  4  5  6  7  8  9 10 11 |
---------------+----------------------------------+-----
Dodging        | 3 4 5 6 7 8 9 |  9.2
Fighting       | 1 2 3 4 5 6 7 |  7.1
Spellcasting   | 3 4 5 6 7 |  7.5
Ice Magic      | 5 6 7 8 |  8.7
Charms         | 1 2 3 4 |  4.4
Summonings     | 1 2 3 4 5 6 |  6.0
Polearms       | 2 4 6 7 8 |  8.5
Conjurations   | 1 2 3 4 |  4.4
Hexes          | 2 3 4 |  4.6
Throwing       | 2 |  2.0
Stealth        | |  2.1

Action                   |  1- 3 |  4- 6 |  7- 9 | 10-12 || total
-------------------------+-------+-------+-------+-------++-------
Melee: Whip              |     8 |       |       |       ||     8
       Mace              |       |       |    21 |    11 ||    32
       Spear             |       |       |   187 |   134 ||   321
       Glaive            |       |       |       |    21 ||    21
 Fire: Hunting sling     |     3 |    44 |    22 |       ||    69
       Fustibalus        |       |       |    32 |     4 ||    36
Throw: Stone             |     4 |       |       |       ||     4
       Dart              |       |       |     4 |    24 ||    28
       Boomerang         |       |       |       |    51 ||    51
 Cast: Freeze            |    54 |    65 |    28 |    59 ||   206
       Frozen Ramparts   |       |     7 |    36 |    42 ||    85
       Ozocubu's Armour  |       |       |    13 |     8 ||    21
       Summon Ice Beast  |       |       |     2 |     7 ||     9
       Iskenderun's Batt |       |       |       |     2 ||     2
       Hailstorm         |       |       |       |     2 ||     2
  Use: Scroll            |       |     2 |     7 |     3 ||    12
       Potion            |       |       |     3 |       ||     3
 Stab: Sleeping          |       |       |     2 |     1 ||     3
  Eat: Chunk             |     3 |     9 |    12 |    12 ||    36
       Ration            |       |       |     2 |     1 ||     3
Armor: Robe              |     6 |     7 |    31 |    26 ||    70
       Skin              |       |       |    17 |       ||    17
Dodge: Dodged            |    43 |    43 |   179 |   147 ||   412
       Repelled          |       |       |    12 |     4 ||    16

Table legend:
 A = Non-vault XP
 B = Vault XP
 C = Vault XP percentage of total XP
 D = Non-vault monster count
 E = Vault monster count
 F = Vault count percentage of total count
                 A         B        C        D         E       F
            +---------+---------+-------+---------+---------+-------
      Total |    9545 |    7662 |  44.5 |     229 |      51 |  18.2
            +---------+---------+-------+---------+---------+-------
        D:1 |      56 |       7 |  11.1 |      32 |       5 |  13.5
        D:2 |      60 |       0 |   0.0 |      13 |       0 |   0.0
        D:3 |     232 |       0 |   0.0 |      38 |       0 |   0.0
        D:4 |     365 |       0 |   0.0 |      18 |       0 |   0.0
        D:5 |     814 |     169 |  17.2 |      20 |       1 |   4.8
        D:6 |     646 |     684 |  51.4 |      18 |       8 |  30.8
        D:7 |     267 |    1533 |  85.2 |       9 |       3 |  25.0
        D:8 |    1138 |     389 |  25.5 |      29 |       1 |   3.3
        D:9 |    4048 |    1433 |  26.1 |      32 |       4 |  11.1
       D:10 |    1919 |     973 |  33.6 |      20 |       2 |   9.1
     Bailey |       0 |    2474 | 100.0 |       0 |      27 | 100.0
            +---------+---------+-------+---------+---------+-------
